 Dungeon Crawl Stone Soup version 0.28-a0-1152-g9c71ebef14 (webtiles) character file.

Game seed: 7673732864232672807

27 spaghetti the Skirmisher (level 3, 0/42 HPs)
             Began as an Ogre Delver on Dec 14, 2021.
             Slain by Edmund (4 damage)
             ... on level 6 of the Dungeon.
             The game lasted 00:03:11 (1229 turns).

spaghetti the Skirmisher (Ogre Delver)              Turns: 1229, Time: 00:03:11

Health: 0/42       AC:  3    Str: 15 (18) XL:     3   Next: 10%
Magic:  3/3        EV:  9    Int:  8 (11) God:
Gold:   16         SH:  0    Dex:  8 (10) Spells: 2/2 levels left

rFire   . . .      SeeInvis .   e - +4 dagger {short}
rCold   . . .      Faith    .   (no shield)
rNeg    . . .      Spirit   .   b - +0 robe
rPois   .          Reflect  .   (helmet restricted)
rElec   .          Harm     .   (no cloak)
rCorr   .          Rampage  .   (gloves unavailable)
Will    .....                   (boots unavailable)
Stlth   ++........              (no amulet)
HPRegen 0.14/turn               (no ring)
MPRegen 0.08/turn               (no ring)

@: no status effects
A: large, unfitting armour, tough skin 1
a: no special abilities


You were on level 6 of the Dungeon.
You visited 1 branch of the dungeon, and saw 3 of its levels.

You collected 16 gold pieces.


Innate Abilities, Weirdness & Mutations

You are too large for most types of armour.
You have tough skin. (AC +1)


   Skills:
 + Level 5.5 Fighting
 - Level 1.7 Maces & Flails
 - Level 1.7 Dodging
 - Level 3.7 Stealth


You had 2 spell levels left.
You didn't know any spells.
Your spell library was empty.

Inventory:

Hand Weapons
 a - a +0 mace {mace}
 e - a +4 dagger (weapon) {short}
   (You found it on level 6 of the Dungeon)
Missiles
 h - 36 arrows
 i - 16 stones (quivered) {throwing}
Armour
 b - a +0 robe (worn)
Scrolls
 d - a scroll of magic mapping {!r}
 j - a scroll of identify {@r1}

Dungeon Overview and Level Annotations

Branches:
Dungeon (7/15)
 Temple: D:4-7

Altars:
Okawaru

Annotations:
D:6 Edmund

#.#
############.#
#............#
#.############
#.# #.# #<#
#@# #@# ###


You could see Edmund.


Message History

You take 4 damage, and now have 4/42 hp.
Unknown command.
Unknown command.
Unknown command.
Okay, then.
You feel yourself speed up.
The orc closely misses you. 😱 HP[+1] 😱 HP[+1] Edmund shouts!
Aiming: Dig
Press: ? - help, Shift-Dir - straight line A rock wall.
The rock shatters into small pieces. 😱 HP[+1] Edmund says, "People accused me of being a cutpurse!"
There is a stone staircase leading down here.
You climb downwards.
Your extra speed is starting to run out.
There is a stone staircase leading up here.
Unknown command.
You start resting.
You feel yourself slow down.
Unknown command. 😮 HP[+17]
You regained 17 hp, and now have 24/42 hp.
You start resting. 😎 HP[+18]
Your hp is fully restored (42).
There is an open door here.
As you open the door, it creaks loudly!
There is an open door here.
Unknown command.
(D) Dungeon
Where to? (Enter - D:6, ? - help)
There is a stone staircase leading up here.
You climb upwards.
Level annotation: Edmund Edmund hits you with a +2 flail of holy wrath. x2
There is a stone staircase leading down here. 😕 HP[-4]
You take 4 damage, and now have 38/42 hp.
Unknown command.
Unknown command.
Unknown command.
Edmund hits you with a +2 flail of holy wrath.
You climb downwards.
There is a stone staircase leading up here. 😕 HP[-5]
You take 5 damage, and now have 33/42 hp.
Unknown command.
Unknown command.
Unknown command.
Okay, then.
You aren't carrying any potions.
You hit Edmund.
Edmund hits you with a +2 flail of holy wrath!
* * * LOW HITPOINT WARNING * * *
😨 HP[-13]
You take 13 damage, and now have 20/42 hp.
MASSIVE DAMAGE!! (PAUSE) Unknown command.
Unknown command.
You hit Edmund but do no damage.
Edmund hits you with a +2 flail of holy wrath.
* * * LOW HITPOINT WARNING * * *
😨 HP[-6]
You take 6 damage, and now have 14/42 hp.
Unknown command.
Unknown command.
Okay, then.
Okay, then.
Okay, then.
Aiming: Dig
Press: ? - help, Shift-Dir - straight line A rock wall.
The rock shatters into small pieces.
The now-empty wand crumbles to dust.
Edmund hits you with a +2 flail of holy wrath.
* * * LOW HITPOINT WARNING * * *
😨 HP[-2]
You take 2 damage, and now have 12/42 hp.
Unknown command.
You aren't carrying any items that you can evoke.
Unknown command.
Unknown command. 😨 HP[+1]
You aren't carrying any potions.
Okay, then.
You hit Edmund but do no damage.
Edmund hits you with a +2 flail of holy wrath!
* * * LOW HITPOINT WARNING * * *
😱 HP[-9]
You take 9 damage, and now have 4/42 hp.
MASSIVE DAMAGE!! (PAUSE) Unknown command.
You hit Edmund. Edmund barely misses you.
Unknown command.
Unknown command.
You barely miss Edmund.
Edmund hits you with a +2 flail of holy wrath.
You die...

Skill      XL: |  1 |
---------------+----+-----
Fighting       | 5 |  5.5
Maces & Flails | |  1.7
Dodging        | |  1.7
Stealth        | |  3.7

Action                   || total
-------------------------++-------
Melee: Dagger            ||    13
Evoke: Wand              ||     3
  Use: Potion            ||     5
       Scroll            ||     5
Dodge: Dodged            ||    13

Levels and vault maps discovered:
D:5:      layout_basic, serial_shops, nicolae_shop_behind_doors,
          minmay_misc_feat_alley, uniq_edmund
D:6:      layout_basic, mainiacjoe_overflow_boulevard, serial_curves,
          eino_curves_01, eino_curves_01, eino_curves_02, eino_curves_04,
          uniq_prince_ribbit1
D:7:      layout_loops_ring, minmay_temple_entry_proselytizer

Notes
Turn   | Place    | Note
-------+----------+-------------------------------------------
     0 | D:5      | spaghetti the Ogre Delver began the quest for the Orb.
     0 | D:5      | Reached XP level 1. HP: 24/24 MP: 1/1
     0 | D:5      | magus.rc [v1.9.6]
    13 | D:6      | Noticed a necrophage
    34 | D:6      | Found an iron altar of Okawaru.
    48 | D:5      | Noticed a jelly
    49 | D:5      | Noticed Edmund
    65 | D:5      | HP: 6/24 [Edmund (10)]
   122 | D:5      | HP: 4/24 [Edmund (6)]
   407 | D:6      | Reached skill level 5 in Fighting
   407 | D:6      | Reached XP level 2. HP: 35/35 MP: 2/2
   407 | D:6      | Reached XP level 3. HP: 42/42 MP: 3/3
   605 | D:7      | Noticed a water moccasin
   710 | D:6      | Noticed an orc warrior
   727 | D:5      | Noticed an ogre
   798 | D:5      | HP: 7/42 [orc (6)]
  1227 | D:6      | HP: 4/42 [Edmund (9)]
  1229 | D:6      | Slain by Edmund

Vanquished Creatures
  A bullfrog skeleton (D:6)
1 creature vanquished.

Vanquished Creatures (others)
  3 fungi (D:6)
3 creatures vanquished.

Grand Total: 4 creatures vanquished

Table legend:
 A = Non-vault XP
 B = Vault XP
 C = Vault XP percentage of total XP
 D = Non-vault monster count
 E = Vault monster count
 F = Vault count percentage of total count
                 A         B        C        D         E       F
            +---------+---------+-------+---------+---------+-------
      Total |      39 |       0 |   0.0 |       1 |       0 |   0.0
            +---------+---------+-------+---------+---------+-------
        D:6 |      39 |       0 |   0.0 |       1 |       0 |   0.0
            +---------+---------+-------+---------+---------+-------

Illustrated notes

Table legend:
 A = Kills in this place as a percentage of kills in entire the game.
 B = Kills by you in this place as a percentage of kills by you in the entire game.
 C = Kills by friends in this place as a percentage of kills by friends in the entire game.
 D = Other kills in this place as a percentage of other kills in the entire game.
 E = Experience gained in this place as a percentage of experience gained in the entire game.
 F = Experience gained in this place divided by the number of levels of this place that you have seen.
                   A       B       C       D       E      F
               +-------+-------+-------+-------+-------+----------------------
         Total | 100.0 | 100.0 |   N/A |   N/A | 100.0 |  13.0
       Dungeon | 100.0 | 100.0 |   N/A |   N/A | 100.0 |  13.0
               +-------+-------+-------+-------+-------+----------------------

Table legend: (Time is in decaauts)
 A = Elapsed time spent in this place.
 B = Non-inter-level travel time spent in this place.
 C = Inter-level travel time spent in this place.
 D = Time resting spent in this place.
 E = Time spent auto-exploring this place.
 F = Levels seen in this place.
 G = Mean time per level.
                   A        B        C        D        E       F      G
               +--------+--------+--------+--------+--------+-----+--------+
         Total |   1218 |   1159 |     59 |    567 |    323 |   3 |  406.0 |
       Dungeon |   1218 |   1159 |     59 |    567 |    323 |   3 |  406.0 |
               +--------+--------+--------+--------+--------+-----+--------+

Top non-repeatable levels by time:
     D:6: 1002 daAuts
     D:5: 199 daAuts
     D:7: 16 daAuts
